 Dungeon Crawl Stone Soup version 0.25.1-2-g60ff931df9 (webtiles) character file.

Game seed: 424160249544150190

87 KamiKatze the Skirmisher (level 4, -3/40 HPs)
             Began as a Ghoul Fighter on Nov 7, 2020.
             Slain by a wyvern (16 damage)
             ... on level 3 of the Dungeon.
             The game lasted 00:07:03 (1473 turns).

KamiKatze the Skirmisher (Ghoul Fighter)            Turns: 1473, Time: 00:07:03

Health: -3/40      AC:  5    Str: 20    XL:     4   Next: 51%
Magic:  3/3        EV:  8    Int:  3    God:
Gold:   58         SH:  8    Dex:  8    Spells: 3/3 levels left

rFire    . . .     SeeInvis .     - Unarmed
rCold    + . .     Gourm    .   b - +0 kite shield
rNeg     + + +     Faith    .   j - +0 ring mail
rPois    ∞         Spirit   .   (no helmet)
rElec    .         Reflect  .   (no cloak)
rCorr    .         Harm     .   (no gloves)
MR       .....                  (no boots)
Stlth    ..........             (no amulet)
HPRegen  0.00/turn              (no ring)
MPRegen  0.08/turn              (no ring)

@: rotting
A: rotting body, claws 1, carnivore, cold resistance 1, negative energy
resistance 3, inhibited regeneration, torment resistance, unbreathing
a: no special abilities


You were on level 3 of the Dungeon.
You were not hungry.

You visited 1 branch of the dungeon, and saw 3 of its levels.

You collected 58 gold pieces.

Inventory:

Missiles
 h - 63 stones (quivered)
Armour
 a - a +0 scale mail
 b - a +0 kite shield (worn)
 j - a +0 ring mail (worn)
Jewellery
 e - an uncursed amulet of faith
Scrolls
 g - 3 scrolls of remove curse {unknown}
 k - a scroll of enchant armour {unknown}
 n - 3 scrolls of teleportation {unknown}
 q - a scroll of amnesia {unknown}
 r - a scroll of identify {unknown}
 s - a scroll of blinking {unknown}
 t - a scroll of immolation {unknown}
Potions
 c - 2 potions of might
 i - a potion of brilliance {unknown}
 l - a potion of mutation {unknown}
 m - a potion of lignification {unknown}
 o - a potion of stabbing {unknown}
 p - 3 potions of flight {unknown}
Comestibles
 d - 7 rations
 f - 4 chunks of flesh


   Skills:
 + Level 3.7 Fighting
 + Level 3.1 Armour
 + Level 1.2 Dodging
 + Level 3.0 Shields
 * Level 3.5 Unarmed Combat


You had 3 spell levels left.
You didn't know any spells.
Your spell library contained the following spells:

 Spells                   Type           Power        Failure   Level  Hunger
 Sticks to Snakes         Tmut           #.......     100%        2    ###....
 Beastly Appendage        Tmut           Unusable     N/A         1    N/A
 Spider Form              Tmut/Pois      Unusable     N/A         3    N/A
 Ice Form                 Ice/Tmut       Unusable     N/A         4    N/A
 Blade Hands              Tmut           Unusable     N/A         5    N/A

Dungeon Overview and Level Annotations

Branches:
Dungeon (3/15)

Altars:
Dithmenos
Zin


Innate Abilities, Weirdness & Mutations

Your body is rotting away.
You thrive on raw meat.
You are immune to poison.
You have sharp fingernails.
You are carnivorous and can eat meat at any time.
Your flesh is cold resistant. (rC+)
You are immune to negative energy. (rN+++)
You do not regenerate when monsters are visible.
You are immune to unholy pain and torment.
You can survive without breathing.


Message History

The wyvern closely misses you. The wyvern bites you!
You barely miss the wyvern. You block the wyvern's attack.
You closely miss the wyvern. The wyvern bites you. The wyvern bites you!
* * * LOW HITPOINT WARNING * * *
You are too injured to fight recklessly!
Eat one of 6 chunks of flesh? (ye/n/q)
You eat one of the 6 chunks of flesh.
This raw flesh tastes great!
You block the wyvern's attack. The wyvern barely misses you.
Eat one of 5 chunks of flesh? (ye/n/q)
You eat one of the 5 chunks of flesh.
This raw flesh tastes great!
The wyvern bites you!
* * * LOW HITPOINT WARNING * * *
You scratch the wyvern.
The wyvern is moderately wounded.
You block the wyvern's attack. The wyvern bites you.
* * * LOW HITPOINT WARNING * * *
You scratch the wyvern but do no damage.
The wyvern is moderately wounded.
The wyvern bites you!
You die...

#. ♣..#
#. ...#
#.. ...#
#..♣♣♣...
#.......
.l...
#..#
####.#
#.@l.#
#.####
#.# #.#
##+###
#.#
#....#
#.#
#....#
#.# #.
#....#
#.# ..
#....#
#.# ###


You could see a wyvern.

Vanquished Creatures
  2 adders
  2 worms (D:2)
  5 leopard geckos
  2 giant cockroaches (D:1)
  4 goblins
  5 hobgoblins
  7 jackals (D:2)
  A quokka (D:3)
  5 bats
  7 frilled lizards
  11 kobolds
  8 rats
59 creatures vanquished.

Notes
Turn   | Place    | Note
-------+----------+-------------------------------------------
     0 | D:1      | KamiKatze the Ghoul Fighter began the quest for the Orb.
     0 | D:1      | Reached XP level 1. HP: 19/19 MP: 0/0
    87 | D:1      | Reached XP level 2. HP: 15/26 MP: 1/1
   406 | D:1      | Reached XP level 3. HP: 25/31 MP: 2/2
   646 | D:2      | Reached skill level 1 in Dodging
   779 | D:2      | Reached XP level 4. HP: 32/40 MP: 3/3
  1136 | D:2      | Found a glowing silver altar of Zin.
  1138 | D:2      | Found a shadowy altar of Dithmenos.
  1464 | D:3      | Noticed a wyvern
  1473 | D:3      | Slain by a wyvern

Illustrated notes

Levels and vault maps discovered:
D:1:      tarquinn_simple_flora_water_f, layout_rooms
D:2:      layout_loops_ring, minitemple, first_ration
D:3:      minmay_chambers_of_threes, layout_basic, fedhas_altar_2,
          chequers_garden

Skill      XL: |  1  2  3  4 |
---------------+-------------+-----
Unarmed Combat | 3 |  3.5
Armour         | 3 |  3.1
Dodging        | 1 |  1.2
Shields        | 3 |  3.0
Fighting       | |  3.7

Action                   |  1- 3 |  4- 6 || total
-------------------------+-------+-------++-------
Melee: Unarmed           |   152 |    77 ||   229
  Eat: Chunk             |    23 |     5 ||    28
Armor: Scale mail        |    35 |       ||    35
       Ring mail         |    27 |    15 ||    42
Dodge: Dodged            |    52 |    31 ||    83
Block: Kite shield       |    71 |    40 ||   111
